 Dungeon Crawl Stone Soup version 0.30-a0-824-g6c64550be9 (webtiles) character file.

Game seed: 2345419550095072372

72 sircluck the Covert (level 4, -1/41 HPs)
             Began as a Gnoll Delver on Feb 27, 2023.
             Slain by Duvessa
             ... wielding a +0 rapier
              (8 damage)
             ... on level 5 of the Dungeon.
             The game lasted 00:00:56 (335 turns).

sircluck the Covert (Gnoll Delver)                   Turns: 335, Time: 00:00:57

Health: -1/41      AC:  3    Str: 14    XL:     4   Next: 26%
Magic:  5/5        EV: 13    Int:  9    God:
Gold:   14         SH:  0    Dex: 13    Spells: 5/5 levels left

rFire   . . .      SeeInvis .    j - +1 rapier (holy)
rCold   . . .      Faith    .    (no shield)
rNeg    . . .      Spirit   .    b - +0 leather armour
rPois   .          Reflect  .    (no helmet)
rElec   .          Harm     .    (no cloak)
rCorr   .          Rampage  .    (no gloves)
Will    .....                    (no boots)
Stlth   ++++                     (no amulet)
HPRegen 0.26/turn                (no ring)
MPRegen 0.09/turn                (no ring)

@: no status effects
A: fangs 1, strong nose, distributed training
a: no special abilities


You were on level 5 of the Dungeon.
You visited 1 branch of the dungeon, and saw 1 of its levels.

You collected 14 gold pieces.

Inventory:

Hand Weapons
 a - a +0 mace
 j - a +1 rapier of holy wrath (weapon)
Missiles
 i - 3 stones (quivered)
Armour
 b - a +0 leather armour (worn)
Wands
 g - a wand of digging (3)
 h - a wand of iceblast (5)
Scrolls
 c - a scroll of fog
 d - a scroll of magic mapping
 e - a scroll of fear
Potions
 f - a potion of haste


   Skills:
 + Level 6.6 Fighting
 + Level 1.1 Short Blades
 + Level 1.1 Long Blades
 + Level 1.1 Axes
 + Level 4.6 Maces & Flails
 + Level 1.1 Polearms
 + Level 1.1 Staves
 + Level 1.1 Ranged Weapons
 + Level 1.1 Throwing
 + Level 1.1 Armour
 + Level 4.6 Dodging
 + Level 9.6 Stealth
 + Level 1.1 Shields
 + Level 1.1 Unarmed Combat
 + Level 1.1 Spellcasting
 + Level 0.9 Conjurations
 + Level 0.9 Hexes
 + Level 0.9 Summonings
 + Level 0.9 Necromancy
 + Level 0.9 Translocations
 + Level 0.9 Transmutations
 + Level 0.9 Fire Magic
 + Level 0.9 Ice Magic
 + Level 0.9 Air Magic
 + Level 0.9 Earth Magic
 + Level 0.9 Poison Magic
 + Level 1.2 Invocations
 + Level 1.1 Evocations


You had 5 spell levels left.
You didn't know any spells.
Your spell library was empty.

Dungeon Overview and Level Annotations

Branches:
Dungeon (5/15)
 Temple: D:4-7

Altars:
Xom

Annotations:
D:5 Dowan, Duvessa


Innate Abilities, Weirdness & Mutations

You have very sharp teeth.
Your uncanny sense of smell can sniff out nearby items.
Your experience applies equally to all skills.


Message History

No target in view!
No target in view!
No target in view!
No target in view!
No target in view!
You see here a +1 rapier of holy wrath.
j - a +1 rapier of holy wrath Your +1 rapier of holy wrath softly glows with a divine radiance!
j - a +1 rapier of holy wrath (weapon)
Duvessa, Sister of Dowan comes into view.
She is wielding a +0 rapier and wearing a +2 leather armour of cold resistance.
A phantom comes into view.
An adder comes into view.
The adder hisses angrily.
Duvessa shouts!
You hear a bark!
Dowan shouts!
You hit Dowan.
Dowan is moderately wounded.
Dowan says, "Stay away from my face!"
Dowan hits you with a +0 dagger.
You hit Dowan.
Dowan is moderately wounded.
You barely miss Duvessa. You hit Duvessa but do no damage.
Your bite misses Duvessa. Duvessa hits you with a +0 rapier!
You hit Dowan. Your bite misses Dowan.
Dowan is severely wounded.
Duvessa hits you with a +0 rapier! Dowan hits you with a +0 dagger.
You are too injured to fight recklessly!
You are too injured to fight recklessly!
You are too injured to fight recklessly!
You hit the phantom.
The phantom convulses.
The phantom is lightly damaged.
Duvessa says, "When magic and the sword combine, nothing stands against them."
Duvessa hits you with a +0 rapier.
* * * LOW HITPOINT WARNING * * *
The phantom barely misses you.
Dowan says, "Stay away from my face!"
Dowan closely misses you. Dowan hits you with a +0 dagger.
* * * LOW HITPOINT WARNING * * *
Duvessa says, "Beauty is only skin deep, and my weapons penetrate much further than that."
Duvessa hits you with a +0 rapier!
You die...

...........
...#####...... ~~~. .###
#..... ~~~.. .# #....#
.~.. .## ##....## #...#
..# #......#####..#.#
..## #...............##
...# #........See......
...####.........@W......
.....................##.
..#######............#
.## ###..........# ##
#.............
#.............
##...........#
#............
#...#........


You could see Duvessa, a phantom, Dowan and an adder.

Vanquished Creatures
  A necrophage (D:5)
  An adder (D:5)
  An orc (D:5)
3 creatures vanquished.

Notes
Turn   | Place    | Note
-------+----------+-------------------------------------------
     0 | D:5      | Reached skill level 9 in Stealth
     0 | D:5      | sircluck the Gnoll Delver began the quest for the Orb.
     0 | D:5      | Reached XP level 1. HP: 23/23 MP: 1/1
    23 | D:5      | Found a shimmering altar of Xom.
    23 | D:5      | Noticed Dowan
    66 | D:5      | Reached XP level 2. HP: 13/29 MP: 2/2
   150 | D:5      | Noticed a necrophage
   170 | D:5      | Killed a necrophage
   171 | D:5      | Reached skill level 1 in Short Blades
   171 | D:5      | Reached skill level 1 in Long Blades
   171 | D:5      | Reached skill level 1 in Axes
   171 | D:5      | Reached skill level 1 in Polearms
   171 | D:5      | Reached skill level 1 in Staves
   171 | D:5      | Reached skill level 1 in Ranged Weapons
   171 | D:5      | Reached skill level 1 in Throwing
   171 | D:5      | Reached skill level 1 in Armour
   171 | D:5      | Reached skill level 1 in Shields
   171 | D:5      | Reached skill level 1 in Unarmed Combat
   171 | D:5      | Reached skill level 1 in Spellcasting
   171 | D:5      | Reached skill level 1 in Invocations
   171 | D:5      | Reached skill level 1 in Evocations
   171 | D:5      | Reached XP level 3. HP: 8/35 MP: 2/4
   171 | D:5      | Reached XP level 4. HP: 9/41 MP: 2/5
   326 | D:5      | Noticed Duvessa
   328 | D:5      | Noticed a phantom
   335 | D:5      | Slain by Duvessa

Illustrated notes

Levels and vault maps discovered:
D:5:      layout_layer_cave, mainiacjoe_overflow_paths, grunt_decor_resistance,
          hangedman_feature_mirror, amcnicky_mini_pool_medium, uniq_duvessa,
          uniq_blork_the_orc, uniq_sigmund

Skill      XL: |  1  2 |
---------------+-------+-----
Stealth        | |  9.6
Short Blades   | 1 |  1.1
Long Blades    | 1 |  1.1
Axes           | 1 |  1.1
Polearms       | 1 |  1.1
Staves         | 1 |  1.1
Ranged Weapons | 1 |  1.1
Throwing       | 1 |  1.1
Armour         | 1 |  1.1
Shields        | 1 |  1.1
Unarmed Combat | 1 |  1.1
Spellcasting   | 1 |  1.1
Invocations    | 1 |  1.2
Evocations     | 1 |  1.1
Fighting       | |  6.6
Maces & Flails | |  4.6
Dodging        | |  4.6
Conjurations   | |  0.9
Hexes          | |  0.9
Summonings     | |  0.9
Necromancy     | |  0.9
Translocations | |  0.9
Transmutations | |  0.9
Fire Magic     | |  0.9
Ice Magic      | |  0.9
Air Magic      | |  0.9
Earth Magic    | |  0.9
Poison Magic   | |  0.9

Action                     |  1- 3 |  4- 6 || total
---------------------------+-------+-------++-------
  Melee: Mace              |    18 |     1 ||    19
         Bite              |     3 |       ||     3
         Rapier            |       |     6 ||     6
   Stab: Sleeping          |       |     1 ||     1
 Armour: Leather armour    |     3 |       ||     3
  Dodge: Dodged            |    10 |     2 ||    12

Table legend: (Time is in decaauts)
 A = Elapsed time spent in this place.
 B = Non-inter-level travel time spent in this place.
 C = Inter-level travel time spent in this place.
 D = Time resting spent in this place.
 E = Time spent auto-exploring this place.
 F = Levels seen in this place.
 G = Mean time per level.
                   A        B        C        D        E       F      G
               +--------+--------+--------+--------+--------+-----+--------+
         Total |    338 |    338 |      0 |      0 |    246 |   1 |  338.0 |
       Dungeon |    338 |    338 |      0 |      0 |    246 |   1 |  338.0 |
               +--------+--------+--------+--------+--------+-----+--------+

Top non-repeatable levels by time:
     D:5: 338 daAuts
